General information
- name: BNet
- type: Ladder team game (AT/RT)
- host: Battle.net
- saver: MagnificentMata
map: Friends
- players: 8
- length: 14:36
- speed: Fast
- version: 1.23 W3XP
- replay type: Public
» download(100 KB)
Players
team 1 (winner)
MagnificentMata (
blue | 105 APM | 1529 actions | 14:36)
3 Archmage
2 Summon Water Elemental
1 Brilliance Aura
» actions
| Assign group hotkey | 113 | |
| Basic commands | 32 | |
| Build / train | 123 | |
| Enter build submenu | 50 | |
| Enter hero's abilities submenu | 3 | |
| Right click | 570 | |
| Select / deselect | 426 | |
| Select group hotkey | 54 | |
| Use ability | 158 | |
1529 total
» units
» upgrades
» buildings
| Altar of Kings | 1 | |
| Barracks | 1 | |
| Farm | 4 | |
| Lumber Mill | 1 | |
| Scout Tower | 51 | |
| Guard Tower | 60 | |
| Town Hall | 1 | |
| Arcane Tower | 7 | |
| Keep | 2 | |
128 total
» build order
00:02 Altar of Kings
00:17 Barracks
00:37 Farm
01:23 Farm
01:39 Farm
01:45 Lumber Mill
02:19 Farm
03:43 Scout Tower
03:44 Scout Tower
03:59 Scout Tower
04:01 Scout Tower
04:05 Guard Tower
04:05 Guard Tower
04:05 Guard Tower
04:07 Scout Tower
04:22 Scout Tower
04:29 Guard Tower
04:29 Guard Tower
04:30 Guard Tower
04:42 Guard Tower
04:43 Guard Tower
04:43 Guard Tower
04:50 Guard Tower
04:50 Guard Tower
04:54 Scout Tower
04:55 Scout Tower
05:01 Scout Tower
05:02 Scout Tower
05:16 Scout Tower
05:17 Scout Tower
05:18 Scout Tower
05:23 Guard Tower
05:23 Guard Tower
05:25 Scout Tower
05:33 Guard Tower
05:33 Guard Tower
05:38 Scout Tower
05:45 Scout Tower
05:52 Guard Tower
05:52 Guard Tower
05:52 Guard Tower
06:28 Guard Tower
06:28 Guard Tower
06:52 Town Hall
08:38 Scout Tower
08:39 Scout Tower
08:41 Scout Tower
09:05 Arcane Tower
09:05 Arcane Tower
09:08 Arcane Tower
09:09 Arcane Tower
09:09 Arcane Tower
09:18 Guard Tower
09:18 Guard Tower
10:12 Keep
10:13 Keep
11:31 Scout Tower
11:32 Scout Tower
11:35 Scout Tower
11:35 Scout Tower
11:36 Scout Tower
11:39 Scout Tower
11:40 Scout Tower
11:43 Scout Tower
11:46 Scout Tower
11:50 Scout Tower
11:51 Scout Tower
11:51 Scout Tower
11:51 Scout Tower
11:54 Scout Tower
11:55 Scout Tower
11:55 Scout Tower
11:56 Scout Tower
11:56 Scout Tower
11:58 Scout Tower
11:59 Scout Tower
12:01 Scout Tower
12:01 Scout Tower
12:01 Scout Tower
12:06 Scout Tower
12:06 Scout Tower
12:07 Scout Tower
12:07 Scout Tower
12:07 Scout Tower
12:08 Scout Tower
12:08 Scout Tower
12:12 Guard Tower
12:13 Guard Tower
12:13 Guard Tower
12:18 Guard Tower
12:19 Scout Tower
12:21 Guard Tower
12:21 Guard Tower
12:36 Guard Tower
12:36 Guard Tower
12:38 Guard Tower
12:39 Guard Tower
12:39 Guard Tower
12:50 Guard Tower
12:50 Guard Tower
12:50 Guard Tower
12:52 Guard Tower
12:52 Guard Tower
12:58 Guard Tower
12:59 Guard Tower
13:04 Guard Tower
13:04 Guard Tower
13:09 Guard Tower
13:09 Guard Tower
13:09 Guard Tower
13:25 Guard Tower
13:25 Guard Tower
13:38 Guard Tower

»
Starshaped (
purple | 38 APM | 554 actions | 14:36)
4 Dark Ranger
2 Black Arrow
2 Silence
» actions
| Assign group hotkey | 21 | |
| Basic commands | 33 | |
| Build / train | 41 | |
| Enter build submenu | 17 | |
| Enter hero's abilities submenu | 4 | |
| Remove unit from queue | 1 | |
| Right click | 133 | |
| Select / deselect | 214 | |
| Select group hotkey | 71 | |
| Use ability | 19 | |
554 total
» units
| Peon | 8 | |
| Troll Headhunter/Berserker | 12 | |
| Shaman | 2 | |
| Troll Witch Doctor | 2 | |
24 total
» upgrades
| Ranged Weapons | 2 | |
| Troll Regeneration | 1 | |
| Shaman Training | 2 | |
| Witch Doctor Training | 2 | |
| Berserker Upgrade | 1 | |
8 total
» buildings
| War Mill | 1 | |
| Barracks | 2 | |
| Orc Burrow | 4 | |
| Altar of Storms | 1 | |
| Stronghold | 1 | |
| Voodoo Lounge | 1 | |
| Fortress | 1 | |
| Spirit Lodge | 3 | |
14 total
» build order
00:30 War Mill
00:41 Barracks
00:47 Barracks
01:20 Orc Burrow
01:53 Altar of Storms
02:38 Orc Burrow
03:45 Orc Burrow
05:12 Stronghold
06:00 Orc Burrow
06:11 Voodoo Lounge
08:28 Fortress
08:55 Spirit Lodge
09:24 Spirit Lodge
09:30 Spirit Lodge
» items
TIMG4STRok (
teal | 78 APM | 1144 actions | 14:36)
6 Keeper of the Grove
3 Force of Nature
2 Thorns Aura
1 Tranquility
» actions
| Assign group hotkey | 19 | |
| Basic commands | 64 | |
| Build / train | 55 | |
| ESC pressed | 14 | |
| Enter build submenu | 10 | |
| Enter hero's abilities submenu | 6 | |
| Right click | 531 | |
| Select / deselect | 149 | |
| Select group hotkey | 257 | |
| Use ability | 39 | |
1144 total
» units
» upgrades
| Improved Bows | 1 | |
| Strength of the Moon | 2 | |
| Moon Armor | 1 | |
| Nature's Blessing | 1 | |
| Marksmanship | 1 | |
| Ultravision | 1 | |
| Well Spring | 1 | |
8 total
» buildings
| Tree of Life | 1 | |
| Altar of Elders | 1 | |
| Moon Well | 3 | |
| Ancient of War | 3 | |
| Tree of Ages | 1 | |
| Hunter's Hall | 1 | |
| Tree of Eternity | 1 | |
11 total
» build order
00:49 Tree of Life
00:55 Altar of Elders
01:14 Moon Well
03:49 Ancient of War
03:51 Ancient of War
03:53 Ancient of War
04:15 Moon Well
05:16 Moon Well
06:13 Tree of Ages
07:13 Hunter's Hall
08:51 Tree of Eternity
us-east (
pink | 90 APM | 1310 actions | 14:36)
3 Archmage
1 Summon Water Elemental
2 Blizzard
» actions
| Assign group hotkey | 2 | |
| Basic commands | 81 | |
| Build / train | 66 | |
| ESC pressed | 1 | |
| Enter build submenu | 56 | |
| Enter hero's abilities submenu | 3 | |
| Right click | 599 | |
| Select / deselect | 219 | |
| Select group hotkey | 216 | |
| Use ability | 67 | |
1310 total
» units
» upgrades
| Masonry | 2 | |
| Lumber Harvesting | 1 | |
3 total
» buildings
| Altar of Kings | 1 | |
| Farm | 3 | |
| Lumber Mill | 3 | |
| Scout Tower | 35 | |
| Guard Tower | 26 | |
| Arcane Tower | 3 | |
| Keep | 2 | |
| Arcane Vault | 1 | |
| Town Hall | 1 | |
| Castle | 1 | |
76 total
» build order
00:07 Altar of Kings
00:14 Farm
00:51 Lumber Mill
01:28 Farm
02:04 Farm
02:09 Scout Tower
02:17 Scout Tower
03:42 Scout Tower
03:43 Scout Tower
03:43 Scout Tower
03:44 Scout Tower
03:44 Scout Tower
03:45 Scout Tower
03:46 Scout Tower
03:46 Scout Tower
04:05 Scout Tower
04:05 Scout Tower
04:23 Guard Tower
04:32 Guard Tower
04:32 Guard Tower
04:35 Guard Tower
04:35 Guard Tower
05:18 Scout Tower
05:30 Guard Tower
05:30 Guard Tower
05:33 Scout Tower
05:41 Scout Tower
06:12 Guard Tower
06:12 Guard Tower
07:04 Scout Tower
07:05 Scout Tower
07:08 Scout Tower
07:12 Scout Tower
07:13 Arcane Tower
07:14 Arcane Tower
07:40 Scout Tower
07:41 Scout Tower
07:59 Scout Tower
08:00 Scout Tower
08:22 Guard Tower
08:24 Scout Tower
08:26 Guard Tower
08:26 Guard Tower
08:28 Guard Tower
08:28 Guard Tower
08:42 Scout Tower
08:43 Scout Tower
08:50 Guard Tower
08:51 Guard Tower
08:55 Guard Tower
08:55 Guard Tower
08:57 Scout Tower
09:09 Keep
09:09 Keep
09:22 Guard Tower
09:26 Scout Tower
09:26 Scout Tower
09:29 Scout Tower
09:30 Guard Tower
09:53 Lumber Mill
09:58 Lumber Mill
10:07 Guard Tower
10:15 Scout Tower
10:16 Scout Tower
10:17 Scout Tower
10:44 Guard Tower
10:44 Guard Tower
10:47 Arcane Vault
11:54 Town Hall
12:07 Castle
12:47 Scout Tower
13:22 Scout Tower
13:24 Arcane Tower
team 2 (loser)
ELDESTRUCTEUR (
green | 42 APM | 399 actions | 09:31)
2 Paladin
1 Divine Shield
1 Holy Light
» actions
| Assign group hotkey | 15 | |
| Build / train | 19 | |
| Enter build submenu | 10 | |
| Enter hero's abilities submenu | 2 | |
| Remove unit from queue | 1 | |
| Right click | 211 | |
| Select / deselect | 71 | |
| Select group hotkey | 47 | |
| Use ability | 23 | |
399 total
» units
| Peasant | 10 | |
| Footman | 2 | |
| Rifleman | 3 | |
15 total
» buildings
| Altar of Kings | 1 | |
| Farm | 5 | |
| Barracks | 1 | |
| Scout Tower | 1 | |
| Blacksmith | 1 | |
| Arcane Tower | 1 | |
| Lumber Mill | 1 | |
11 total
» build order
00:19 Altar of Kings
00:34 Farm
00:40 Barracks
01:17 Farm
01:57 Scout Tower
02:01 Farm
02:20 Blacksmith
02:44 Arcane Tower
02:49 Farm
02:54 Lumber Mill
02:59 Farm
fabienber (
red | 29 APM | 418 actions | 14:36)
3 Paladin
2 Holy Light
1 Divine Shield
» actions
| Assign group hotkey | 9 | |
| Build / train | 35 | |
| Enter build submenu | 18 | |
| Enter hero's abilities submenu | 3 | |
| Remove unit from queue | 1 | |
| Right click | 124 | |
| Select / deselect | 125 | |
| Select group hotkey | 72 | |
| Use ability | 31 | |
418 total
» units
| Peasant | 11 | |
| Footman | 5 | |
| Rifleman | 4 | |
20 total
» upgrades
» buildings
| Altar of Kings | 1 | |
| Barracks | 1 | |
| Farm | 7 | |
| Lumber Mill | 1 | |
| Scout Tower | 7 | |
| Arcane Tower | 1 | |
| Blacksmith | 1 | |
| Guard Tower | 4 | |
| Keep | 1 | |
24 total
» build order
00:19 Altar of Kings
00:30 Barracks
00:38 Farm
01:15 Farm
01:54 Lumber Mill
02:01 Scout Tower
02:16 Farm
02:29 Arcane Tower
02:34 Scout Tower
03:05 Blacksmith
04:29 Guard Tower
05:07 Farm
05:11 Farm
05:23 Scout Tower
05:28 Scout Tower
05:38 Keep
05:42 Farm
06:10 Guard Tower
06:21 Scout Tower
06:29 Scout Tower
06:57 Guard Tower
07:04 Scout Tower
07:17 Farm
07:19 Guard Tower
theteuf (
orange | 30 APM | 190 actions | 06:20)
1 Paladin
1 Holy Light
» actions
| Assign group hotkey | 4 | |
| Build / train | 15 | |
| Enter build submenu | 5 | |
| Enter hero's abilities submenu | 1 | |
| Right click | 91 | |
| Select / deselect | 59 | |
| Select group hotkey | 6 | |
| Use ability | 9 | |
190 total
» units
» buildings
| Altar of Kings | 1 | |
| Farm | 3 | |
| Barracks | 1 | |
5 total
» build order
00:18 Altar of Kings
00:21 Farm
00:37 Barracks
01:45 Farm
02:35 Farm
vodul (
yellow | 26 APM | 298 actions | 11:30)
2 Paladin
1 Holy Light
1 Divine Shield
» actions
| Assign group hotkey | 5 | |
| Build / train | 29 | |
| Enter build submenu | 13 | |
| Enter hero's abilities submenu | 2 | |
| Right click | 113 | |
| Select / deselect | 103 | |
| Select group hotkey | 7 | |
| Use ability | 26 | |
298 total
» units
| Peasant | 7 | |
| Footman | 5 | |
| Rifleman | 11 | |
23 total
» upgrades
» buildings
| Barracks | 2 | |
| Altar of Kings | 1 | |
| Farm | 5 | |
| Blacksmith | 1 | |
| Lumber Mill | 1 | |
| Scout Tower | 3 | |
| Guard Tower | 2 | |
15 total
» build order
00:10 Barracks
00:18 Altar of Kings
00:28 Farm
01:06 Farm
01:51 Farm
02:20 Blacksmith
02:40 Farm
04:25 Barracks
04:55 Lumber Mill
05:42 Farm
06:19 Scout Tower
07:11 Scout Tower
07:21 Guard Tower
07:48 Guard Tower
09:31 Scout Tower
Chat log
(00:04 / Allies) Starshaped: tim
(00:05 / Allies) MagnificentMata: we're gilderbasing
(00:07 / Allies) MagnificentMata: just fyi
(00:09 / Allies) Starshaped: dont forget to post the sc replays etc.
(00:13 / Allies) TIMG4STRok: word
(00:19 / Allies) Starshaped: wuts gilderbasing?
(00:23 / Allies) TIMG4STRok: mass tp to this
(00:33 / Allies) MagnificentMata: aight nice
(00:44 / Allies) TIMG4STRok: WOOD
(00:45 / Allies) TIMG4STRok: QUICk
(00:47 / Allies) MagnificentMata: gogo wood
(01:16 / Allies) Starshaped: they might see that
(01:20 / Allies) MagnificentMata: prob not
(01:23 / Allies) TIMG4STRok: IS A chance we take
(02:14 / Allies) MagnificentMata: ready 2 tp
(02:23 / Allies) TIMG4STRok: 20 SEC
(02:25 / Allies) Starshaped: not me yet
(02:35 / Allies) MagnificentMata: 4 pala
(02:51 / Allies) Starshaped: are we tping with so few units only?
(02:53 / Allies) MagnificentMata: no
(02:55 / Allies) MagnificentMata: bring it all bitch
(03:08 / Allies) MagnificentMata: gogogo
(03:09 / Allies) Starshaped: im not hu tho
(03:55 / Allies) MagnificentMata: hold ur ground
(04:13 / Allies) MagnificentMata: anyone got lumber ?
(04:31 / Allies) MagnificentMata: nice manner expo timg
(04:34 / Allies) Starshaped: i cant believe that worked
(04:36 / Allies) TIMG4STRok: ye
(04:40 / Allies) TIMG4STRok: its hilarious
(04:44 / Allies) TIMG4STRok: this works like 1/20 times
(04:44 / Allies) MagnificentMata: who dares wins
(04:59 / Allies) Starshaped: they really suck tho
(05:55 / Allies) MagnificentMata: i call this goldmine
(06:00 / Allies) MagnificentMata: cuz they will counter me
(07:42 / Allies) Starshaped: wood
(07:42 / Allies) Starshaped: ?
(12:45 / Allies) MagnificentMata: lumber :S
(13:45 / Allies) us-east: star
(13:47 / Allies) us-east: he coming for you
(13:53 / Allies) Starshaped: ho noes
(14:03 / Allies) MagnificentMata: he is level 3
(14:05 / Allies) MagnificentMata: read it & weep
(14:10 / Allies) Starshaped: aw fuck
(14:12 / Allies) Starshaped: =(
(14:25 / Allies) Starshaped: gonna silecen purge surround